 Dungeon Crawl Stone Soup version 0.29-a0-275-g389c0b56f3 (webtiles) character file.

Game seed: 17017643370768067494

3430 Ijustatesigmund the Cleaver (level 9, 0/84 HPs)
             Began as a Minotaur Fighter on Mar 9, 2022.
             Was a Follower of the Shining One.
             Slain by Grum
             ... wielding a +0 glaive
              (10 damage)
             ... on level 9 of the Dungeon.
             The game lasted 00:10:08 (7467 turns).

Ijustatesigmund the Cleaver (Minotaur Fighter)      Turns: 7467, Time: 00:10:08

Health: 0/84       AC: 18    Str: 25    XL:     9   Next: 77%
Magic:  11/11      EV: 10    Int:  5    God:    the Shining One [*.....]
Gold:   372        SH:  7    Dex: 16    Spells: 8/8 levels left

rFire   . . .      SeeInvis .   a - +0 war axe
rCold   . . .      Faith    .   c - +2 buckler
rNeg    . . .      Spirit   .   b - +0 chain mail
rPois   .          Reflect  .   (helmet restricted)
rElec   .          Harm     .   o - +2 cloak
rCorr   .          Rampage  .   (no gloves)
Will    .....                   (no boots)
Stlth   ..........              y - amulet of regeneration
HPRegen 1.04/turn               h - +4 ring of protection
MPRegen 0.12/turn               l - +6 ring of dexterity

@: glowing
A: horns 2, retaliatory headbutt, screaming 1, MP-powered wands
a: Renounce Religion, Divine Shield


You were on level 9 of the Dungeon.
You worshipped the Shining One.
The Shining One was aware of your devotion.
You visited 2 branches of the dungeon, and saw 11 of its levels.

You collected 372 gold pieces.

Inventory:

Hand Weapons
 a - a +0 war axe (weapon)
 d - a +4 flail
Missiles
 f - 13 javelins (quivered)
Armour
 b - a +0 chain mail (worn)
 c - a +2 buckler (worn)
 o - a +2 cloak (worn)
Jewellery
 h - a +4 ring of protection (left hand)
 l - a +6 ring of dexterity (right hand)
 q - an amulet of the acrobat
 r - a ring of poison resistance
 s - a ring of protection from cold
 y - an amulet of regeneration (around neck)
Wands
 g - a wand of flame (53)
 i - a wand of polymorph (12)
 p - a wand of paralysis (9)
Scrolls
 e - a scroll of immolation
 m - 2 scrolls of fog
 u - a scroll of enchant armour
 v - a scroll of blinking
 x - a scroll of identify
Potions
 j - 2 potions of brilliance
 k - a potion of cancellation


   Skills:
 + Level 9.4 Fighting
 + Level 9.6 Axes
 + Level 7.6 Armour
 - Level 3.9 Dodging
 - Level 5.0 Shields
 + Level 5.0 Invocations


You had 8 spell levels left.
You didn't know any spells.
Your spell library contained the following spells:

 Spells                   Type           Power      Damage    Failure   Level
 Magic Dart               Conj           0%         1d3       98%         1
 Sandblast                Erth           0%         2d4       98%         1
 Corpse Rot               Necr/Air       0%         N/A       99%         2
 Ensorcelled Hibernation  Hex/Ice        0%         N/A       99%         2
 Passwall                 Tmut/Erth      0%         N/A       99%         2
 Searing Ray              Conj           0%         2d4       99%         2
 Ignite Poison            Fire/Tmut/Pois 0%         N/A       100%        3
 Mephitic Cloud           Conj/Pois/Air  0%         N/A       100%        3
 Stone Arrow              Conj/Erth      0%         3d7       100%        3
 Swiftness                Air            0%         N/A       100%        3
 Dispel Undead            Necr           0%         3d6       100%        4
 Fulminant Prism          Conj/Hex       0%         3d6       100%        4
 Freezing Cloud           Conj/Ice/Air   0%         6-21      100%        5
 Death Channel            Necr           0%         N/A       100%        6


Dungeon Overview and Level Annotations

Branches:
Dungeon (10/15)            Temple (1/1) D:4            Lair (0/6) D:9
    Orc: D:9-12

Altars:
Ashenzari
Cheibriados
Dithmenos
Fedhas
Gozag
Hepliaklqana
Makhleb
Nemelex Xobeh
Okawaru
Qazlal
Sif Muna
Trog
Uskayaw
Vehumet
Wu Jian
Xom
Yredelemnul
Zin
The Shining One
Jiyva

Shops:
D:10 =

Annotations:
D:9 Grum


Innate Abilities, Weirdness & Mutations

You have a pair of horns on your head.
You reflexively headbutt those who attack you in melee.
You occasionally shout uncontrollably at your foes.
You expend magic power (3 MP) to strengthen your wands.


Message History

You closely miss the wolf.
You headbutt the wolf, but do no damage.
The wolf is almost dead.
You block the wolf's attack.
Grum points his finger and grunts, "Attack!"
Grum hits you but does no damage. The wolf bites you but does no damage.
You slash the wolf!
You kill the wolf!
Grum hits you from afar with a +0 glaive!
Your Invocations skill increases to level 5!
You block Grum's attack.
You see here a wolf corpse.
You hit Grum but do no damage. You headbutt Grum!
Grum is lightly wounded.
Grum hits you with a +0 glaive!
You slash Grum! Your headbutt misses Grum.
Grum is heavily wounded.
Grum hits you with a +0 glaive!
You are too injured to fight recklessly!
You are too injured to fight recklessly!
You are too injured to fight recklessly!
You are too injured to fight recklessly!
You are too injured to fight recklessly!
You are too injured to fight recklessly!
You are too injured to fight recklessly!
You are too injured to fight recklessly!
You are too injured to fight recklessly!
You barely miss Grum. You headbutt Grum, but do no damage.
Grum is heavily wounded.
You block Grum's attack. Grum hits you with a +0 glaive!
* * * LOW HITPOINT WARNING * * *
You hit Grum but do no damage.
Grum is heavily wounded.
Grum hits you with a +0 glaive!
* * * LOW HITPOINT WARNING * * *
You slash Grum! You headbutt Grum!
Grum is almost dead.
Grum sniffs the air and quickly glances around.
Grum hits you with a +0 glaive!
You die...

*** *,***** *...*
********,** ,,* *,* *...*
*,,,,,,,∩,, *,*****,*
*#.## *,*****,***
,,,,,,,,* #..##**,*****,*
*,******* ###
#...,,,,,,,**,* *,* ###.##
#<.#***,**,**,* ,,*
#....## #..# *,**,**,* ***
##.#.#.###.#* *,,,,,,,*
####..#....g@†# ****,****
#.)$)..##.###.#*** ***,*
#.###))#?#.......* *,,,*
#,#.....##.......#**,,,***
*,#.##>##*..>...?#,,,,,,,*
*,#)##.# *.......#,*,,,,,*
*,.....# *.......#,,,,,,,*
*##.#### *.......#*,,,,***
#.# *.......**,,,,*


You could see Grum.

Vanquished Creatures
  Nergalle (D:10)
  Grinder (D:3)
  A water moccasin (D:6)
  3 black bears (D:7)
  3 sky beasts
  2 wolves (D:9)
  A phantom (D:5)
  A kobold brigand (D:9)
  2 bullfrogs (D:7)
  3 necrophages
  4 scorpions
  8 wights
  A howler monkey (D:5)
  A jelly (D:4)
  4 hounds
  A gnoll shaman (D:4)
  An orc priest (D:4)
  3 iguanas
  2 orc wizards
  Robin (D:2)
  13 gnolls
  9 adders
  2 shadow imps
  A white imp (D:6)
  An ufetubus (D:5)
  A worm (D:2)
  6 dart slugs
  13 orcs
  5 ball pythons
  5 bats
  5 endoplasms
  5 giant cockroaches
  11 goblins
  12 hobgoblins
  2 jackals (D:4)
  4 quokkas
  7 frilled lizards
  13 kobolds
  5 rats
164 creatures vanquished.

Vanquished Creatures (others)
  A frilled lizard (D:1)
  5 fungi (D:9)
  3 plants (D:9)
9 creatures vanquished.

Grand Total: 173 creatures vanquished

Notes
Turn   | Place    | Note
-------+----------+-------------------------------------------
     0 | D:1      | Ijustatesigmund the Minotaur Fighter began the quest for
                  | the Orb.
     0 | D:1      | Reached XP level 1. HP: 19/19 MP: 0/0
   259 | D:1      | Reached XP level 2. HP: 27/27 MP: 1/1
   668 | D:1      | Reached XP level 3. HP: 18/33 MP: 2/2
  1300 | D:2      | Reached XP level 4. HP: 26/41 MP: 3/3
  1422 | D:2      | Found a basalt altar of Yredelemnul.
  1619 | D:2      | Noticed Robin
  1621 | D:2      | Reached skill level 5 in Axes
  1637 | D:2      | Killed Robin
  1858 | D:2      | Found a faded altar of an unknown god.
  2304 | D:3      | Reached XP level 5. HP: 46/47 MP: 4/4
  2349 | D:3      | Reached skill level 5 in Fighting
  2398 | D:3      | Found a blossoming altar of Fedhas.
  2512 | D:3      | Reached skill level 1 in Dodging
  2573 | D:3      | Reached XP level 6. HP: 13/55 MP: 5/5
  3238 | D:3      | Noticed Grinder
  3254 | D:3      | Gained mutation: You occasionally shout uncontrollably at
                  | your foes. [potion of mutation]
  3254 | D:3      | Gained mutation: You expend magic power (3 MP) to
                  | strengthen your wands. [potion of mutation]
  3266 | D:3      | Killed Grinder
  3267 | D:3      | Reached XP level 7. HP: 21/64 MP: 6/6
  3534 | D:3      | Found an opulent altar of Gozag.
  4283 | D:4      | Found a staircase to the Ecumenical Temple.
  4380 | Temple   | Entered the Ecumenical Temple
  4524 | Temple   | Became a worshipper of the Shining One
  4758 | D:4      | Reached XP level 8. HP: 59/73 MP: 7/7
  4894 | D:4      | Reached skill level 1 in Invocations
  5071 | D:5      | Entered Level 5 of the Dungeon
  5392 | D:5      | Found a sparkling altar of Nemelex Xobeh.
  5395 | D:5      | Found a basalt altar of Yredelemnul.
  5401 | D:5      | Found a bloodstained altar of Trog.
  5404 | D:5      | Found an iron altar of Okawaru.
  5406 | D:5      | Found a shimmering blue altar of Sif Muna.
  5446 | D:5      | Found an ornate altar of the Wu Jian Council.
  5519 | D:5      | Reached skill level 5 in Armour
  5519 | D:5      | Reached skill level 5 in Shields
  6218 | D:6      | Reached * piety under the Shining One
  6835 | D:7      | Reached XP level 9. HP: 69/82 MP: 10/10
  7361 | D:8      | You fall into a shaft and drop 2 floors!
  7361 | D:10     | Entered Level 10 of the Dungeon
  7361 | D:10     | Noticed Nergalle
  7370 | D:10     | Noticed a spectral orc warlord
  7377 | D:10     | Killed Nergalle
  7378 | D:10     | Found Ytenlaamp's Jewellery Shop.
  7449 | D:9      | Noticed Grum
  7462 | D:9      | Reached skill level 5 in Invocations
  7467 | D:9      | Slain by Grum

Illustrated notes

Levels and vault maps discovered:
D:1:      dpeg_arrival_prison, layout_basic, lemuel_old_faithful
D:2:      layout_basic, basic_altar, shapermc_ecumenical_altar_starsandcircs,
          grunt_ministairs_6, uniq_robin
D:3:      layout_basic, grunt_gozag_statues, fedhas_altar_fruit_tree,
          uniq_grinder
D:4:      layout_basic, temple_fountains, kennysheep_generic_room_4
D:5:      layout_loops_ring, nicolae_overflow_hallway_of_the_gods, st_stairs_9,
          item_on_display_a
D:6:      layout_basic
D:7:      layout_cave_pools, minmay_diced_spiral
D:8:      layout_rooms, nicolae_elyvilon_peaceful_grove,
          mainiacjoe_overflow_swirl, nzn_ghost_randoct
D:9:      layout_loops_cross, grunt_lair_entry_orc_guard_hut, serial_shops,
          shop, enter_bailey_8, nrook_loot_triangle, uniq_gastronok, uniq_grum,
          uniq_pikel, uniq_harold
D:10:     layout_loops_ring, serial_shops, shop, nicolae_shop_advertising_works
          [nicolae_subvault_shop_adworks], shop, nicolae_shop_waterfront, shop,
          chequers_serial_rivers_small_a, uniq_nergalle, uniq_urug
Temple:   pf_slime_end_temple

Skill      XL: |  1  2  3  4  5  6  7  8  9 |
---------------+----------------------------+-----
Axes           | 3 4 5 6 7 8 9 |  9.6
Fighting       | 4 5 6 7 8 9 |  9.4
Dodging        | 2 3 |  3.9
Armour         | 4 6 7 |  7.6
Shields        | 4 5 |  5.0
Invocations    | 3 5 |  5.0

Action                   |  1- 3 |  4- 6 |  7- 9 || total
-------------------------+-------+-------+-------++-------
Melee: War axe           |    53 |   121 |   236 ||   410
       Headbutt          |    12 |    11 |    57 ||    80
Invok: Divine Shield     |       |       |     1 ||     1
  Use: Scroll            |       |     6 |    10 ||    16
       Potion            |       |     7 |     1 ||     8
 Stab: Invisible         |       |     2 |       ||     2
Armor: Scale mail        |    24 |    36 |    42 ||   102
       Skin              |       |     3 |       ||     3
       Chain mail        |       |       |    61 ||    61
Dodge: Dodged            |    18 |    61 |    98 ||   177
Block: Buckler           |    15 |    17 |    91 ||   123

Table legend: (Time is in decaauts)
 A = Elapsed time spent in this place.
 B = Non-inter-level travel time spent in this place.
 C = Inter-level travel time spent in this place.
 D = Time resting spent in this place.
 E = Time spent auto-exploring this place.
 F = Levels seen in this place.
 G = Mean time per level.
                   A        B        C        D        E       F      G
               +--------+--------+--------+--------+--------+-----+--------+
         Total |   7550 |   7318 |    232 |    982 |   5274 |  11 |  686.4 |
       Dungeon |   7391 |   7188 |    203 |    982 |   5156 |  10 |  739.1 |
        Temple |    158 |    130 |     28 |      0 |    118 |   1 |  158.0 |
               +--------+--------+--------+--------+--------+-----+--------+

Top non-repeatable levels by time:
     D:3: 1627 daAuts
     D:1: 1284 daAuts
     D:2: 1046 daAuts
     D:4: 1019 daAuts
     D:5: 926 daAuts
     D:6: 802 daAuts
     D:7: 576 daAuts
  Temple: 158 daAuts
    D:10: 61 daAuts
     D:9: 45 daAuts
